 Dungeon Crawl Stone Soup version 0.22-a0-803-gd6d8abe (webtiles) character file.

37 vierth the Skirmisher (level 3, -1/33 HPs)
             Began as a Hill Orc Fighter on July 14, 2018.
             Slain by a worm (8 damage)
             ... on level 2 of the Dungeon on July 22, 2018.
             The game lasted 00:02:43 (705 turns).

vierth the Skirmisher (Hill Orc Fighter)             Turns: 705, Time: 00:02:45

Health: -1/33      AC:  7    Str: 19    XL:     3   Next: 39%
Magic:  3/3        EV:  7    Int:  8    God:
Gold:   62         SH:  9    Dex: 10    Spells: 2/2 levels left

rFire    . . .     SeeInvis .   a - +0 war axe
rCold    . . .     Gourm    .   c - +0 shield
rNeg     + . .     Faith    .   b - +0 scale mail
rPois    .         Spirit   .   (no helmet)
rElec    .         Reflect  .   (no cloak)
rCorr    .         Harm     .   (no gloves)
MR       .....                  (no boots)
Stlth    ..........             (no amulet)
HPRegen  0.11/turn              h - ring of positive energy
MPRegen  0.08/turn              (no ring)

@: no status effects
A: no striking features
a: no special abilities


You were on level 2 of the Dungeon.
You were not hungry.

You visited 1 branch of the dungeon, and saw 2 of its levels.

You collected 62 gold pieces.

Inventory:

Hand Weapons
 a - a +0 war axe (weapon)
Armour
 b - a +0 scale mail (worn)
 c - a +0 shield (worn)
Jewellery
 h - a ring of positive energy (left hand)
Scrolls
 e - 4 scrolls of identify {unknown}
 g - a scroll of remove curse {unknown}
 i - a scroll of teleportation {unknown}
Potions
 d - 2 potions of might
 j - a potion of brilliance {unknown}
 k - a potion of curing {unknown}
 l - 2 potions of agility {unknown}
Comestibles
 f - 5 rations


   Skills:
 + Level 4.2 Fighting
 + Level 3.5 Axes
 + Level 3.8 Armour
 - Level 3.3 Shields


You had 2 spell levels left.
You didn't know any spells.
Your spell library was empty.

Dungeon Overview and Level Annotations

Branches:
Dungeon (2/15)

Altars:


Message History

You hit the worm.
The worm is lightly wounded.
You hit the worm.
The worm is heavily wounded.
The worm bites you.
You hit the worm.
The worm is severely wounded.
The worm bites you.
* * * LOW HITPOINT WARNING * * *
Your shield and scale mail prevent you from hitting the worm.
The worm is severely wounded.
The worm barely misses you.
You hit the worm.
The worm is severely wounded.
The worm bites you.
* * * LOW HITPOINT WARNING * * *
You hit the worm.
The worm is severely wounded.
The worm bites you!
You die...

.# #...# #.# .#
#...# #.# #
.#####...#####.##.#
...................
...............##
#..............#
######...####..# #
# #...# #..####..#
## #...# #...@w...#
.## #...#
#.#####..#
..####... #.# #
....... #.. ..#####
### .## #########
.# #.......# >#
#.#####.######
.#####.##.†.......#


You could see a worm.

Vanquished Creatures
  An ooze (D:2)
  2 worms (D:2)
  2 leopard geckos (D:2)
  5 goblins
  2 hobgoblins (D:1)
  2 jackals (D:1)
  2 bats
  A frilled lizard (D:1)
  3 kobolds (D:1)
  5 rats (D:1)
25 creatures vanquished.

Notes
Turn   | Place    | Note
-------+----------+-------------------------------------------
     0 | D:1      | vierth the Hill Orc Fighter began the quest for the Orb.
     0 | D:1      | Reached XP level 1. HP: 19/19 MP: 1/1
   218 | D:1      | Reached XP level 2. HP: 27/27 MP: 2/2
   278 | D:1      | Reached skill level 4 in Fighting
   514 | D:2      | Reached XP level 3. HP: 28/33 MP: 3/3
   699 | D:2      | Upgraded the game from 0.22-a0-619-ga0c6fd2 to 0.22-a0-803-gd6d8abe
   705 | D:2      | Slain by a worm

Vault maps used:
D:1:      dpeg_arrival_arbitrary_c, hangedman_decor_peaks_small,
          supply_closet_lemuel, minmay_tetromino_t4

Skill      XL: |  1  2 |
---------------+-------+-----
Axes           | 3 |  3.5
Fighting       | 4 |  4.2
Armour         | |  3.8
Shields        | |  3.3

Action                   || total
-------------------------++-------
Melee: War axe           ||    78
Armor: Scale mail        ||    46
Dodge: Dodged            ||    31
Block: Shield            ||    42

Table legend:
 A = Spawn XP
 B = Non-spawn XP
 C = Spawn XP percentage of total XP
 D = Spawn monster count
 E = Non-spawn monster count
 F = Spawn count percentage of total count
 G = Total turns spent on level
                    A         B        C        D         E        F      G
               +---------+---------+-------+---------+---------+-------+---------
         Total |       0 |      53 |   0.0 |       0 |      25 |   0.0 |   705
               +---------+---------+-------+---------+---------+-------+---------
           D:1 |       0 |      25 |   0.0 |       0 |      17 |   0.0 |   498
           D:2 |       0 |      28 |   0.0 |       0 |       8 |   0.0 |   207
               +---------+---------+-------+---------+---------+-------+---------
